AoeStats
← Flangosta

African Clearing

505588748Analyzed
4v4 RM · 21d ago on Sep 10, 2026· 50m 57s· 8 players
Game mode
Random Map
Map size
Large (8 player)
Population
200
Speed
Normal
Resources
Standard
Victory
Conquest
Starting age
Dark Age
Ending age
Imperial Age
RankedLock teamsTeams togetherTeam positionsShared explorationLock speedFull tech treeHidden civsTurbo modeCheats
Victory
Defeat
🇺🇸 Berbers · United States
1342
+12
🇺🇸 Magyars · United States
1231
+16
🇺🇸 Vietnamese · United States
1220
+16
1180
+18
🇦🇷 Burgundians · Argentina
1394
-21
🇦🇷 Mongols · Argentina
1339
-20
🇦🇷 Ethiopians · Argentina
1116
-11
🇦🇷 Magyars · Argentina
1080
-10
maRts
8:50 Loom
11:33 Feudal Age
12:16 Double-Bit Axe
14:10 Fletching
22:55 Castle Age
21:26 Padded Archer Armor
23:34 Bodkin Arrow
23:00 Crossbowman
44:32 Thumb Ring
ValkriaN
5:32 Loom
10:57 Double-Bit Axe
14:44 Feudal Age
16:31 Bow Saw
18:21 Forging
20:46 Gold Mining
23:00 Castle Age
22:33 Scale Barding Armor
22:15 Horse Collar
23:59 Husbandry
27:06 Cavalier
28:25 Wheelbarrow
31:20 Gold Shaft Mining
31:23 Heavy Plow
32:45 Hand Cart
32:51 Stone Mining
34:03 Cavalier
35:06 Chain Barding Armor
35:22 Iron Casting
41:39 Imperial Age
40:06 Burgundian Vineyards
41:50 Stone Shaft Mining
41:46 Paladin
43:25 Plate Barding Armor
49:58 Light Cavalry
stDifious
6:04 Loom
13:12 Feudal Age
14:09 Double-Bit Axe
21:08 Castle Age
20:44 Fletching
20:56 Padded Archer Armor
23:51 Bodkin Arrow
25:31 Forging
31:11 Crossbowman
34:02 Wheelbarrow
37:35 Imperial Age
36:44 Scale Mail Armor
37:19 Iron Casting
38:24 Bow Saw
38:20 Arbalester
40:23 Squires
40:08 Arson
41:50 Blast Furnace
43:03 Bracer
Flangosta
14:37 Feudal Age
20:45 Castle Age
23:09 Wheelbarrow
27:43 Bloodlines
27:34 Husbandry
29:16 Loom
30:11 Hand Cart
29:55 Double-Bit Axe
30:29 Town Watch
31:03 Stone Mining
33:40 Scale Barding Armor
34:05 Corvinian Army
35:04 Light Cavalry
40:40 Bow Saw
44:49 Chain Barding Armor
JON
3:39 Loom
12:11 Feudal Age
15:37 Double-Bit Axe
24:26 Fletching
24:37 Padded Archer Armor
29:29 Castle Age
30:44 Scale Barding Armor
35:06 Chain Barding Armor
36:48 Bloodlines
37:42 Wheelbarrow
36:56 Town Watch
39:05 Husbandry
39:58 Horse Collar
42:03 Heavy Plow
42:14 Bow Saw
43:38 Gold Mining
43:39 Stone Mining
47:35 Imperial Age
47:49 Cavalier
51:34 Gold Shaft Mining
刹那生悲欢照见诸相皆虚幻
5:34 Loom
13:10 Feudal Age
18:06 Castle Age
17:03 Double-Bit Axe
17:11 Gold Mining
18:20 Scale Barding Armor
21:24 Husbandry
24:31 Bloodlines
26:01 Horse Collar
27:49 Chain Barding Armor
30:05 Forging
33:47 Iron Casting
37:53 Wheelbarrow
37:03 Town Watch
38:27 Fletching
38:39 Heavy Plow
38:37 Stone Mining
41:56 Hand Cart
46:05 Imperial Age
44:24 Svan Towers
47:18 Conscription
46:22 Elite Monaspa
47:41 Plate Barding Armor
50:05 Blast Furnace
49:17 Aznauri Cavalry
49:43 Bow Saw
50:12 Crop Rotation
Morris Sagao
6:43 Loom
13:04 Feudal Age
21:10 Double-Bit Axe
25:08 Castle Age
26:25 Fletching
27:25 Wheelbarrow
29:59 Gold Mining
30:49 Bodkin Arrow
31:21 Padded Archer Armor
34:12 Leather Archer Armor
36:29 Ballistics
37:28 Hand Cart
37:31 Bow Saw
37:15 Stone Mining
40:38 Thumb Ring
45:12 Imperial Age
46:08 Bracer
47:35 Chemistry
48:31 Ring Archer Armor
hkc02
13:09 Feudal Age
17:03 Castle Age
15:47 Double-Bit Axe
16:02 Loom
18:05 Fletching
18:44 Bow Saw
23:26 Bodkin Arrow
26:48 Ballistics
29:52 Padded Archer Armor
30:16 Husbandry
36:14 Wheelbarrow
39:30 Imperial Age
39:11 Bloodlines
41:10 Bracer
45:26 Chemistry
45:08 Thumb Ring
46:37 Leather Archer Armor
47:05 Elite Camel Archer
48:23 Conscription
49:02 Gold Mining
49:03 Stone Mining
51:13 Ring Archer Armor
Connection lost

Rejoining the realm…

Still unreachable

The connection could not be restored.

Session expired

The server has moved on; the page needs a fresh start.